 Dungeon Crawl Stone Soup version 0.31.0-32-g396128a36d (webtiles) character file.

Game seed: 16415212134946144870

107 Silvore the Covered (level 4, 0/40 HPs)
             Began as a Minotaur Fighter on Apr 10, 2024.
             Slain by a gnoll
             ... wielding a +0 flail
              (3 damage)
             ... on level 2 of the Dungeon.
             The game lasted 00:01:37 (889 turns).

Silvore the Covered (Minotaur Fighter)               Turns: 889, Time: 00:01:38

Health: 0/40       AC:  7    Str: 23    XL:     4   Next: 57%
Magic:  3/3        EV:  9    Int:  5    God:
Gold:   33         SH:  4    Dex:  9    Spells: 3/3 levels left

rFire   . . .        a - +0 flail
rCold   . . .        c - +0 buckler
rNeg    . . .        b - +0 scale mail
rPois   .            (helmet restricted)
rElec   .            (no cloak)
rCorr   .            (no gloves)
SInv    .            (no boots)
Will    .....        (no amulet) Stlth
                     (no ring)
HPRegen 0.26/turn    (no ring)
MPRegen 0.08/turn

%: no passive effects
@: no status effects
A: horns 2, retaliatory headbutt
a: no special abilities


You were on level 2 of the Dungeon.
You visited 1 branch of the dungeon, and saw 2 of its levels.

You collected 33 gold pieces.

Inventory:

Hand Weapons
 a - a +0 flail (weapon)
Armour
 b - a +0 scale mail (worn)
 c - a +0 buckler (worn)
Scrolls
 e - a scroll of acquirement {unknown}
Potions
 d - a potion of might
 h - a potion of degeneration {unknown}
 i - 2 potions of brilliance


   Skills:
 + Level 4.2 Fighting
 + Level 3.9 Maces & Flails
 + Level 4.5 Armour
 + Level 1.0 Dodging
 + Level 4.2 Shields


You had 3 spell levels left.
You didn't know any spells.
Your spell library was empty.

Dungeon Overview and Level Annotations

Branches:
Dungeon (2/15)

Altars:


Innate Abilities, Weirdness & Mutations

You have a pair of horns on your head.
You reflexively headbutt those who attack you in melee.


Message History

A gnoll comes into view. It is wielding a +0 flail.
The gnoll shouts!
A gnoll is nearby!
You hit the gnoll.
The gnoll is moderately wounded.
The gnoll hits you with a +0 flail!
You thump the gnoll!
The gnoll is almost dead.
The gnoll hits you but does no damage. The gnoll hits you with a +0 flail!
You closely miss the gnoll.
The gnoll is almost dead.
The gnoll hits you with a +0 flail!
You sock the gnoll!
You kill the gnoll!
A gnoll comes into view. It is wielding a +0 flail.
A gnoll comes into view. It is wielding a +0 spear.
The gnoll shouts!
You block the gnoll's attack.
You see here a +0 flail.
A gnoll comes into view. It is wielding a +0 flail.
There are monsters nearby!
The gnoll barely misses you. The gnoll hits you but does no damage.
The gnoll hits you with a +0 spear.
You sock the gnoll! You headbutt the gnoll.
You kill the gnoll!
The gnoll barely misses you. You furiously retaliate!
You headbutt the gnoll!
Your Dodging skill increases to level 1!
You sock the gnoll!
The gnoll is severely wounded.
You block the gnoll's attack. The gnoll hits you with a +0 flail!
* * * LOW HITPOINT WARNING * * *
You sock the gnoll!
You kill the gnoll!
The gnoll hits you with a +0 flail!
* * * LOW HITPOINT WARNING * * *
The gnoll barely misses you.
Things that are here:
a +0 flail; a +0 spear; a gnoll corpse The gnoll attacks as it pursues you!
The gnoll hits you with a +0 flail.
You die...

## .. .##.# .##.#
.##.# ########
######.##.#
#.....#.
#...g@.##.#
#.###.#.
#######)#######.#
#.# #...
#........##
#.#####.#####.
..######..#
#.............
#.........#
#.#####..#####
..♣♣♣♣♣♣..#####.#
#..# ♣÷♣..##....#
#..#
#####.##.####
#(.# #...#.#..#
#..#


You could see a gnoll.

Vanquished Creatures
  3 gnolls (D:2)
  4 adders (D:2)
  A dart slug (D:1)
  A ribbon worm (D:2)
  4 ball pythons
  4 endoplasms
  A giant cockroach (D:1)
  2 goblins (D:1)
  3 hobgoblins
  3 kobolds (D:1)
  A quokka (D:1)
  6 bats
  2 frilled lizards
  5 rats
40 creatures vanquished.

Notes
Turn   | Place    | Note
-------+----------+-------------------------------------------
     0 | D:1      | Silvore the Minotaur Fighter began the quest for the Orb.
     0 | D:1      | Reached XP level 1. HP: 19/19 MP: 0/0
   135 | D:1      | Reached XP level 2. HP: 27/27 MP: 1/1
   341 | D:1      | You fall into a shaft and drop 1 floor!
   577 | D:1      | Reached XP level 3. HP: 33/33 MP: 2/2
   816 | D:2      | Reached XP level 4. HP: 27/40 MP: 3/3
   886 | D:2      | Reached skill level 1 in Dodging
   889 | D:2      | Slain by a gnoll

Illustrated notes

Levels and vault maps discovered:
D:1:      spicycebolla_green_bress_n_ham, layout_basic
D:2:      layout_loops_ring, dilly_ecumenical_altar_fadedgnrine,
          nicolae_houndstooth_variations

Skill      XL: |  1  2  3  4 |
---------------+-------------+-----
Armour         | 4 |  4.5
Shields        | 4 |  4.2
Fighting       | 4 |  4.2
Maces & Flails | 3 |  3.9
Dodging        | 1 |  1.0

Action                     |  1- 3 |  4- 6 || total
---------------------------+-------+-------++-------
  Melee: Flail             |    73 |     9 ||    82
         Headbutt          |    10 |     1 ||    11
    Use: Scroll            |     3 |       ||     3
 Armour: Scale mail        |    65 |    10 ||    75
  Dodge: Dodged            |    37 |     4 ||    41
  Block: Buckler           |    17 |     3 ||    20
